 Dungeon Crawl Stone Soup version 0.28.0-43-g3370ac3207 (webtiles) character file.

Game seed: 11936889326951187359

93 silky the Chopper (level 4, -6/41 HPs)
             Began as a Minotaur Chaos Knight on Mar 29, 2022.
             Was a Plaything of Xom.
             Killed from afar by an orc wizard (8 damage)
             ... with a magic dart
             ... on level 3 of the Dungeon.
             The game lasted 00:08:06 (2332 turns).

silky the Chopper (Minotaur Chaos Knight)           Turns: 2332, Time: 00:08:06

Health: -6/41      AC:  6    Str: 17 (18) XL:     4   Next: 37%
Magic:  3/3        EV: 10    Int:  6 (9)  God:    Xom [....*.]
Gold:   81         SH:  0    Dex:  7 (10) Spells: 3/3 levels left

rFire   . . .      SeeInvis .   a - +0 hand axe (chaos)
rCold   + . .      Faith    +   (no shield)
rNeg    . . .      Spirit   .   b - +0 ring mail
rPois   .          Reflect  .   (helmet restricted)
rElec   .          Harm     .   (no cloak)
rCorr   .          Rampage  .   (no gloves)
Will    .....                   i - +0 pair of boots
Stlth   +.........              c - amulet of faith
HPRegen 0.13/turn               (no ring)
MPRegen 0.08/turn               (no ring)

@: mighty
A: horns 2, retaliatory headbutt, camouflage 1, cold resistance 1
a: Renounce Religion


You were on level 3 of the Dungeon.
You worshipped Xom.
You were a beloved toy of Xom.
You visited 1 branch of the dungeon, and saw 3 of its levels.

You collected 81 gold pieces.

Inventory:

Hand Weapons
 a - a +0 hand axe of chaos (weapon)
Armour
 b - a +0 ring mail (worn)
 i - a +0 pair of boots (worn)
Jewellery
 c - an amulet of faith (around neck)
Wands
 l - a wand of paralysis (5)
Scrolls
 f - a scroll of enchant weapon {unknown}
 h - a scroll of magic mapping {unknown}
 k - 2 scrolls of identify {unknown}
Potions
 e - a potion of curing {unknown}


   Skills:
 + Level 4.5 Fighting
 + Level 5.0 Axes
 + Level 3.1 Armour
 + Level 1.4 Dodging
 + Level 0.5 Stealth


You had 3 spell levels left.
You didn't know any spells.
Your spell library was empty.

Dungeon Overview and Level Annotations

Branches:
Dungeon (3/15)

Altars:
Hepliaklqana
Okawaru

Shops:
D:3 (


Innate Abilities, Weirdness & Mutations

You have a pair of horns on your head.
You reflexively headbutt those who attack you in melee.
Your skin changes colour to match your surroundings (Stealth+).
Your flesh is cold resistant. (rC+)


Message History

The orc wizard points at you and mumbles some strange words.
You resist with some effort.
You hit the orc wizard.
The orc wizard flickers and vanishes!
Deactivating autopickup; reactivate with Ctrl-A.
Your headbutt misses something.
You hear some strange, mumbled words.
You are confused.
Something hits you. Something hits you.
You bump into the stone wall.
Something hits you.
You barely miss something. Your headbutt misses something.
Something hits you but does no damage.
You closely miss something.
You feel less confused. Something hits you.
You miss something. Your headbutt misses something.
Something hits you but does no damage. Something hits you.
* * * LOW HITPOINT WARNING * * *
Unknown command.
It was a potion of mutation.
You feel extremely strange.
You feel robust.
You feel weaker.
Your skin functions as natural camouflage.
You feel resistant to cold.
Xom roars with laughter!
Something hits you but does no damage.
It was a potion of degeneration.
There was something very wrong with that liquid.
You feel weakened.
You feel dopey.
You feel clumsy. Something hits you.
* * * LOW HITPOINT WARNING * * *
Unknown command.
You hit something.
A magic dart appears from out of thin air!
The magic dart hits you.
* * * LOW HITPOINT WARNING * * *
It was a potion of might.
You feel very mighty all of a sudden.
A magic dart appears from out of thin air!
The magic dart hits you!
You die...

#.##.##.# ##§§§## #.......#
#§§§# ####.#### #§§§# #.#
#{§§# #.# #§§§# #.# #§§§#
#.# #####§§§#####
#.####....§§§§...#
#..>.#.8...#@.._!#
#....#......§....#
##.(.#####...##### ##.##
###...### ##.####.#._.#.###
.#####.......#...#.#.#######
........####.#####..#......#
.#####.##............#####.#
#.##.##.#####.#######.###


There were no monsters in sight!

Vanquished Creatures
  Robin (D:2)
  An adder (D:2)
  A worm (D:3)
  A dart slug (D:3)
  An orc (D:3)
  2 ball pythons (D:1)
  4 endoplasms
  5 giant cockroaches
  16 goblins
  7 hobgoblins
  2 quokkas
  4 bats
  4 frilled lizards
  6 kobolds
  5 rats
60 creatures vanquished.

Notes
Turn   | Place    | Note
-------+----------+-------------------------------------------
     0 | D:1      | silky the Minotaur Chaos Knight began the quest for the
                  | Orb.
     0 | D:1      | Reached XP level 1. HP: 19/19 MP: 0/0
    43 | D:1      | Reached skill level 4 in Axes
    52 | D:1      | Reached XP level 2. HP: 25/27 MP: 1/1
   152 | D:1      | XOM: silly message
   355 | D:1      | XOM: god gift: sedimented green potion {god gift}
   511 | D:1      | Found a faded altar of an unknown god.
   524 | D:1      | XOM: 3-stop teleportation journey
   668 | D:1      | Reached XP level 3. HP: 30/33 MP: 2/2
   909 | D:2      | XOM: confuse monster(s)
   910 | D:2      | XOM: enchant monster (bad)
   918 | D:2      | HP: 1/33 [something (6)]
  1493 | D:2      | Found an iron altar of Okawaru.
  1504 | D:2      | XOM: give mutations
  1504 | D:2      | Gained mutation: You are frail. (-10% HP) [Xom's mischief]
  1504 | D:2      | Gained mutation: Your muscles are strong. (Str +2) [Xom's
                  | mischief]
  1561 | D:2      | Noticed Robin
  1596 | D:2      | Killed Robin
  1597 | D:2      | Reached skill level 5 in Axes
  1597 | D:2      | Reached XP level 4. HP: 13/36 MP: 3/3
  2143 | D:3      | Found Paunas's Weapon Boutique.
  2307 | D:3      | Found a faded altar of an unknown god.
  2309 | D:3      | Found a hazy altar of Hepliaklqana.
  2329 | D:3      | Lost mutation: You are frail. (-10% HP) [potion of
                  | mutation]
  2329 | D:3      | Lost mutation: Your muscles are strong. (Str +2) [potion of
                  | mutation]
  2329 | D:3      | Gained mutation: Your skin changes colour to match your
                  | surroundings (Stealth+). [potion of mutation]
  2329 | D:3      | Gained mutation: Your flesh is cold resistant. (rC+)
                  | [potion of mutation]
  2331 | D:3      | HP: 2/41 [something/magic dart (3)]
  2332 | D:3      | Killed from afar by an orc wizard

Illustrated notes

Levels and vault maps discovered:
D:1:      psy_arrival_statuary, layout_loops_cross,
          hellmonk_ecumenical_altar_leap_of_faith
D:2:      layout_basic, basic_altar, minmay_strange_pillars, uniq_robin
D:3:      layout_loops_cross, beargit_hepliaklqana_dungeon_heroes,
          gammafunk_ghost_split, serial_shops, shop_fountains,
          ebering_dispersal_statue_hall, chequers_mini_garden, minmay_quantized

Skill      XL: |  1  2  3 |
---------------+----------+-----
Axes           | 4 5 |  5.0
Fighting       | 4 |  4.5
Armour         | 3 |  3.1
Dodging        | |  1.4
Stealth        | |  0.5

Action                   |  1- 3 |  4- 6 || total
-------------------------+-------+-------++-------
Melee: Hand axe          |   104 |    41 ||   145
       Headbutt          |    12 |     4 ||    16
       Punch             |     1 |     2 ||     3
  Use: Scroll            |     1 |       ||     1
       Potion            |     1 |     3 ||     4
 Stab: Paralysed         |     3 |       ||     3
       Confused          |     1 |       ||     1
Armor: Leather armour    |    33 |     3 ||    36
       Ring mail         |       |     9 ||     9
Dodge: Dodged            |    53 |    24 ||    77
